 Dungeon Crawl Stone Soup version 0.28.0-45-g0d030f2227 (webtiles) character file.

Game seed: 4679671732096724461

2 namelastname112 the Skirmisher (level 1, 0/19 HPs)
             Began as a Draconian Monk on Mar 29, 2022.
             Slain by a gnoll
             ... wielding a +0 flail
              (6 damage)
             ... on level 1 of the Dungeon.
             The game lasted 00:00:14 (112 turns).

namelastname112 the Skirmisher (Draconian Monk)      Turns: 112, Time: 00:00:15

Health: 0/19       AC:  4    Str: 13    XL:     1   Next: 25%
Magic:  1/1        EV: 12    Int: 10    God:
Gold:   11         SH:  0    Dex: 13    Spells: 0/0 levels left

rFire   . . .      SeeInvis .     - Unarmed
rCold   . . .      Faith    .   (no shield)
rNeg    . . .      Spirit   .   (armour unavailable)
rPois   .          Reflect  .   (helmet restricted)
rElec   .          Harm     .   (no cloak)
rCorr   .          Rampage  .   (no gloves)
Will    .....                   (no boots)
Stlth   ++........              (no amulet)
HPRegen 0.06/turn               (no ring)
MPRegen 0.07/turn               (no ring)

@: no status effects
A: AC +4, unfitting armour, cold-blooded
a: no special abilities


You were on level 1 of the Dungeon.
You visited 1 branch of the dungeon, and saw 1 of its levels.

You collected 11 gold pieces.

Inventory:

Scrolls
 a - a scroll of teleportation {unknown}
 b - a scroll of acquirement {unknown}


   Skills:
 + Level 3.3 Fighting
 + Level 2.7 Dodging
 - Level 1.7 Stealth
 * Level 3.0 Unarmed Combat
 + Level 0.1 Spellcasting


You couldn't memorise any spells.
You didn't know any spells.
Your spell library contained the following spells:

 Spells                   Type           Power      Damage    Failure   Level
 Tukima's Dance           Hex            0%         N/A       75%         3
 Anguish                  Hex/Necr       0%         N/A       98%         4
 Enfeeble                 Hex            0%         N/A       100%        7


Dungeon Overview and Level Annotations

Branches:
Dungeon (1/15)

Altars:


Innate Abilities, Weirdness & Mutations

Your plain brown scales are hard. (AC +4)
You cannot fit into any form of body armour.
You are cold-blooded and may be slowed by cold attacks.


Message History

Found a spear!
A hobgoblin comes into view!
The hobgoblin shouts!!!
Found 11 gold pieces!
You pulverise the hobgoblin but do no damage!
The hobgoblin barely misses you!
You squash the hobgoblin like an ant!
The hobgoblin is heavily wounded!
The hobgoblin barely misses you!
You beat the hobgoblin into a bloody pulp!
You annihilate the hobgoblin!!!
No target in view!!!
No target in view!!!
No target in view!!!
No target in view!!!
No target in view!!!
You pick up a book of Maledictions and begin reading!!!
You add the spells Tukima's Dance, Anguish and Enfeeble to your library!
You now have 11 gold pieces!
b - a scroll labelled JAEDUKIKKU A gnoll comes into view!
It is wielding a +0 flail!
A gnoll is nearby!!!
The gnoll shouts!!!
You squash the gnoll but do no damage!
The gnoll barely misses you!
You barely miss the gnoll!
Your tail-slap misses the gnoll!
The gnoll closely misses you!
You squash the gnoll like an ant!
The gnoll is lightly wounded!
The gnoll barely misses you!
You pulverise the gnoll!
The gnoll is lightly wounded!
The gnoll hits you with a +0 flail!!!
DANG You barely miss the gnoll!
The gnoll is lightly wounded!
The gnoll completely misses you!
You barely miss the gnoll!
Your tail-slap misses the gnoll!
The gnoll is lightly wounded!
The gnoll hits you with a +0 flail! rip

#.≈≈.≈.. #..≈..≈≈
#.###..♣
###########.≈.≈≈≈.
#...........≈.≈.#.
#....#######≈≈≈.≈. ###
#..)†# ####≈.≈
.....#####....#
#....≈≈
.........g@...#
##≈≈♣.≈
.......###....#
#####... ....g..
#....# #.....#.
....... ##....#
#.####.. ...#+#.
#.....# ####.#..[.# ..
#.####.#####
#....#.#### .
##.##...# ####.#....#
#...#.######......####
#...### #.......###


You could see a gnoll.

Vanquished Creatures
  A hobgoblin (D:1)
  A rat (D:1)
2 creatures vanquished.

Notes
Turn   | Place    | Note
-------+----------+-------------------------------------------
     0 | D:1      | namelastname112 the Draconian Monk began the quest for the
                  | Orb.
     0 | D:1      | Reached XP level 1. HP: 19/19 MP: 1/1
   112 | D:1      | Slain by a gnoll

Illustrated notes

Levels and vault maps discovered:
D:1:      evilmike_arrival_plus, layout_rooms, chequers_serial_rivers_marsh,
          minmay_pentomino_q4

Action                   || total
-------------------------++-------
Melee: Unarmed           ||    10
Dodge: Dodged            ||     6
